2743 views
Uploaded 2021-08-18 22:22:07
Game version 1.32.10
11:53 long 4on4 ladder game on (8)TwilightRuins_LV
Saved by GlaiVe
2743 views
Uploaded 2021-08-18 22:22:07
Game version 1.32.10
11:53 long 4on4 ladder game on (8)TwilightRuins_LV


103 units @ 14.5k
/ 2k
56 buildings @ 8.5k
/ 3.2k


| Healing Salve | 3 | 300 |
| Lesser Clarity Potion | 2 | 140 |
| total: | 5 | 440g |
| Peon | 19 | 1425 | / | 0 |
| Grunt | 7 | 1400 | / | 0 |
| Raider | 6 | 1080 | / | 240 |
| Spirit Walker | 1 | 195 | / | 35 |
| total: | 33 | 4100g | / | 275w |
| Altar of Storms | 2 | 360 | / | 100 |
| Orc Burrow | 4 | 640 | / | 160 |
| Barracks | 1 | 180 | / | 50 |
| Voodoo Lounge | 1 | 130 | / | 30 |
| Great Hall | 2 | 770 | / | 370 |
| War Mill | 1 | 205 | / | 0 |
| Beastiary | 1 | 145 | / | 140 |
| Tauren Totem | 1 | 135 | / | 155 |
| Stronghold | 2 | 630 | / | 380 |
| total: | 13 | 2565g | / | 1005w |
| 0:01 | Peon |
| 0:01 | Peon |
| 0:04 | Altar of Storms |
| 0:06 | Altar of Storms |
| 0:18 | Orc Burrow |
| 0:32 | Barracks |
| 0:36 | Peon |
| 0:36 | Peon |
| 0:44 | Peon |
| 0:44 | Peon |
| 0:54 | Peon |
| 0:54 | Peon |
| 1:14 | Peon |
| 1:33 | Grunt |
| 1:33 | Grunt |
| 1:39 | Voodoo Lounge |
| 1:47 | Peon |
| 1:47 | Peon |
| 1:57 | Peon |
| 2:09 | Wind Walk |
| 2:35 | Stronghold |
| 2:48 | Orc Burrow |
| 3:14 | Critical Strike |
| 3:18 | Orc Burrow |
| 3:36 | Healing Salve |
| 3:42 | Grunt |
| 4:06 | Grunt |
| 4:29 | Healing Salve |
| 4:29 | Lesser Clarity Potion |
| 5:20 | Berserker Strength |
| 5:23 | Beastiary |
| 5:25 | Peon |
| 5:25 | Peon |
| 5:48 | Wind Walk |
| 6:04 | Healing Wave |
| 6:11 | Great Hall |
| 6:21 | Grunt |
| 6:31 | Ensnare |
| 6:36 | Peon |
| 6:54 | Raider |
| 7:18 | Tauren Totem |
| 7:34 | Raider |
| 7:37 | Orc Burrow |
| 7:39 | War Mill |
| 8:09 | Lesser Clarity Potion |
| 8:13 | Healing Salve |
| 8:22 | Great Hall |
| 8:37 | Spirit Walker |
| 9:12 | Grunt |
| 9:12 | Hex |
| 9:28 | Raider |
| 9:57 | Raider |
| 10:19 | Critical Strike |
| 10:33 | Raider |
| 10:33 | Grunt |
| 11:14 | Peon |
| 11:14 | Peon |
| 11:14 | Peon |
| 11:14 | Peon |
| 11:31 | Raider |
| Right click | 1096 |
| Select | 481 |
| Select group | 268 |
| Misc. action | 91 |
| Build/train/purchase | 73 |
| Assign group | 64 |
| Chat | 33 |
| Use ability | 27 |
| Item give/drop | 3 |
| Esc | 1 |



| Rod of Necromancy | 4 | 600 |
| Ritual Dagger | 1 | 125 |
| total: | 5 | 725g |
| Acolyte | 7 | 525 | / | 0 |
| Ghoul | 3 | 360 | / | 0 |
| Crypt Fiend | 7 | 1505 | / | 280 |
| Obsidian Statue | 4 | 800 | / | 140 |
| total: | 21 | 3190g | / | 420w |
| Nerubian Tower | 2 | 200 | / | 40 |
| Spirit Tower | 1 | 145 | / | 40 |
| Altar of Darkness | 1 | 180 | / | 50 |
| Ziggurat | 6 | 900 | / | 300 |
| Crypt | 2 | 400 | / | 100 |
| Graveyard | 1 | 215 | / | 0 |
| Tomb of Relics | 2 | 260 | / | 60 |
| Necropolis | 1 | 225 | / | 0 |
| Slaughterhouse | 1 | 140 | / | 135 |
| Boneyard | 1 | 175 | / | 200 |
| Halls of the Dead | 1 | 320 | / | 210 |
| Black Citadel | 1 | 325 | / | 230 |
| total: | 15 | 2495g | / | 845w |
| 0:04 | Acolyte |
| 0:04 | Acolyte |
| 0:09 | Altar of Darkness |
| 0:10 | Ziggurat |
| 0:20 | Crypt |
| 0:46 | Graveyard |
| 1:01 | Tomb of Relics |
| 1:21 | Nerubian Tower |
| 1:24 | Ghoul |
| 1:24 | Ghoul |
| 1:36 | Ghoul |
| 2:08 | Death Coil |
| 2:10 | Rod of Necromancy |
| 2:12 | Crypt Fiend |
| 2:45 | Halls of the Dead |
| 3:05 | Ziggurat |
| 3:14 | Rod of Necromancy |
| 3:14 | Rod of Necromancy |
| 3:24 | Creature Attack |
| 3:57 | Unholy Aura |
| 4:05 | Crypt Fiend |
| 4:10 | Ziggurat |
| 4:33 | Crypt Fiend |
| 5:15 | Acolyte |
| 5:59 | Acolyte |
| 5:59 | Acolyte |
| 6:06 | Slaughterhouse |
| 6:12 | Death Coil |
| 6:23 | Rod of Necromancy |
| 6:24 | Ritual Dagger |
| 6:37 | Acolyte |
| 6:44 | Frost Nova |
| 6:47 | Acolyte |
| 7:09 | Obsidian Statue |
| 7:22 | Black Citadel |
| 7:38 | Ziggurat |
| 7:52 | Ziggurat |
| 7:58 | Necropolis |
| 8:30 | Ziggurat |
| 8:49 | Frost Armor |
| 8:49 | Crypt Fiend |
| 8:50 | Obsidian Statue |
| 8:52 | Crypt |
| 9:34 | Crypt Fiend |
| 9:35 | Obsidian Statue |
| 9:36 | Spirit Tower |
| 9:37 | Nerubian Tower |
| 9:39 | Tomb of Relics |
| 10:12 | Crypt Fiend |
| 10:16 | Frost Nova |
| 10:23 | Boneyard |
| 10:34 | Unholy Aura |
| 10:59 | Silence |
| 11:42 | Crypt Fiend |
| 11:44 | Obsidian Statue |
| Right click | 604 |
| Select group | 469 |
| Select | 232 |
| Build/train/purchase | 107 |
| Assign group | 47 |
| Misc. action | 31 |
| Use ability | 30 |
| Chat | 4 |
| Item give/drop | 3 |

| Lesser Clarity Potion | 3 | 210 |
| Healing Salve | 1 | 100 |
| Scroll of Speed | 1 | 50 |
| Scroll of Town Portal | 1 | 350 |
| total: | 6 | 710g |
| Peon | 8 | 600 | / | 0 |
| Troll Batrider | 12 | 1920 | / | 480 |
| total: | 20 | 2520g | / | 480w |
| Altar of Storms | 1 | 180 | / | 50 |
| Orc Burrow | 4 | 640 | / | 160 |
| Voodoo Lounge | 1 | 130 | / | 30 |
| War Mill | 1 | 205 | / | 0 |
| Beastiary | 4 | 580 | / | 560 |
| Stronghold | 1 | 315 | / | 190 |
| Fortress | 1 | 325 | / | 190 |
| total: | 11 | 1735g | / | 800w |
| 0:03 | Peon |
| 0:06 | Altar of Storms |
| 0:15 | Orc Burrow |
| 0:17 | Peon |
| 0:27 | Peon |
| 0:51 | Voodoo Lounge |
| 0:51 | Peon |
| 0:57 | Peon |
| 1:11 | Peon |
| 1:16 | Peon |
| 1:32 | Peon |
| 2:06 | Lesser Clarity Potion |
| 2:08 | Stronghold |
| 2:09 | Healing Salve |
| 2:15 | Lesser Clarity Potion |
| 2:15 | Lesser Clarity Potion |
| 2:19 | Feral Spirit |
| 2:35 | Orc Burrow |
| 2:57 | War Mill |
| 4:14 | Steel Ranged Weapons |
| 4:17 | Steel Armor |
| 4:36 | Fortress |
| 4:47 | Beastiary |
| 4:48 | Beastiary |
| 4:51 | Beastiary |
| 4:54 | Beastiary |
| 5:45 | Chain Lighting |
| 6:29 | Troll Batrider |
| 6:38 | Thorium Ranged Weapons |
| 6:43 | Orc Burrow |
| 6:58 | Liquid Fire |
| 6:59 | Troll Batrider |
| 7:12 | Troll Batrider |
| 7:17 | Troll Batrider |
| 7:33 | Orc Burrow |
| 7:41 | Troll Batrider |
| 8:05 | Troll Batrider |
| 8:18 | Arcanite Ranged Weapons |
| 8:34 | Troll Batrider |
| 10:03 | Troll Batrider |
| 10:04 | Scroll of Town Portal |
| 10:05 | Scroll of Speed |
| 10:15 | Pillage |
| 10:37 | Troll Batrider |
| 10:49 | Feral Spirit |
| 10:54 | Troll Batrider |
| 10:58 | Reinforced Defenses |
| 11:07 | Troll Batrider |
| 11:07 | Troll Batrider |
| Right click | 477 |
| Select | 212 |
| Select group | 100 |
| Build/train/purchase | 58 |
| Chat | 23 |
| Use ability | 22 |
| Assign group | 19 |
| Resource trade | 4 |
| Remove unit | 3 |
| Misc. action | 2 |
| Minimap ping | 1 |


| Scroll of Regeneration | 1 | 100 |
| total: | 1 | 100g |
| Peasant | 9 | 675 | / | 0 |
| Rifleman | 15 | 3075 | / | 450 |
| Mortar Team | 5 | 900 | / | 350 |
| total: | 29 | 4650g | / | 800w |
| Scout Tower | 1 | 30 | / | 20 |
| Guard Tower | 1 | 70 | / | 50 |
| Altar of Kings | 1 | 180 | / | 50 |
| Farm | 10 | 800 | / | 200 |
| Blacksmith | 1 | 140 | / | 60 |
| Barracks | 1 | 160 | / | 60 |
| Arcane Vault | 1 | 130 | / | 30 |
| Lumber Mill | 1 | 120 | / | 0 |
| Workshop | 1 | 140 | / | 140 |
| Keep | 1 | 320 | / | 210 |
| total: | 17 | 1700g | / | 560w |
| 0:04 | Peasant |
| 0:04 | Peasant |
| 0:05 | Peasant |
| 0:21 | Altar of Kings |
| 0:26 | Peasant |
| 0:36 | Farm |
| 0:38 | Peasant |
| 0:39 | Peasant |
| 0:39 | Peasant |
| 1:02 | Peasant |
| 1:02 | Peasant |
| 1:15 | Farm |
| 1:24 | Blacksmith |
| 1:45 | Barracks |
| 2:28 | Storm Bolt |
| 2:39 | Black Gunpowder |
| 2:50 | Rifleman |
| 2:50 | Rifleman |
| 3:05 | Rifleman |
| 3:28 | Rifleman |
| 3:35 | Farm |
| 3:42 | Arcane Vault |
| 3:51 | Rifleman |
| 3:55 | Keep |
| 4:15 | Farm |
| 4:20 | Lumber Mill |
| 4:50 | Farm |
| 5:04 | Studded Leather Armor |
| 5:06 | Rifleman |
| 5:24 | Scout Tower |
| 5:30 | Rifleman |
| 6:10 | Bash |
| 6:23 | Guard Tower |
| 6:35 | Farm |
| 6:41 | Farm |
| 6:43 | Scroll of Regeneration |
| 7:32 | Holy Light |
| 7:34 | Farm |
| 7:37 | Workshop |
| 7:39 | Long Rifles |
| 7:40 | Rifleman |
| 8:06 | Refined Gunpowder |
| 9:02 | Mortar Team |
| 9:02 | Mortar Team |
| 9:04 | Rifleman |
| 9:04 | Rifleman |
| 9:05 | Rifleman |
| 9:24 | Reinforced Leather Armor |
| 10:04 | Storm Bolt |
| 10:52 | Rifleman |
| 10:52 | Rifleman |
| 10:55 | Mortar Team |
| 10:55 | Mortar Team |
| 10:56 | Farm |
| 10:57 | Farm |
| 11:25 | Divine Shield |
| 11:47 | Rifleman |
| 11:47 | Rifleman |
| 11:49 | Mortar Team |
| Select group | 310 |
| Right click | 213 |
| Select | 127 |
| Build/train/purchase | 46 |
| Misc. action | 45 |
| Use ability | 18 |
| Assign group | 15 |
| Chat | 6 |
| Remove unit | 2 |
| Minimap ping | 2 |
| Item give/drop | 1 |
102 units @ 12.8k
/ 1.3k
72 buildings @ 9k
/ 3.8k


| Healing Salve | 3 | 300 |
| Lesser Clarity Potion | 1 | 70 |
| Scroll of Town Portal | 1 | 350 |
| Circlet of Nobility | 1 | 175 |
| total: | 6 | 895g |
| Peon | 13 | 975 | / | 0 |
| Grunt | 2 | 400 | / | 0 |
| Troll Headhunter | 8 | 1120 | / | 160 |
| total: | 23 | 2495g | / | 160w |
| Watch Tower | 6 | 660 | / | 480 |
| Altar of Storms | 1 | 180 | / | 50 |
| Orc Burrow | 4 | 640 | / | 160 |
| Barracks | 1 | 180 | / | 50 |
| Voodoo Lounge | 1 | 130 | / | 30 |
| War Mill | 1 | 205 | / | 0 |
| Great Hall | 1 | 385 | / | 185 |
| Spirit Lodge | 1 | 150 | / | 150 |
| Stronghold | 1 | 315 | / | 190 |
| Fortress | 1 | 325 | / | 190 |
| total: | 16 | 2530g | / | 1105w |
| 0:03 | Peon |
| 0:03 | Peon |
| 0:09 | Altar of Storms |
| 0:27 | Peon |
| 0:35 | Orc Burrow |
| 0:46 | Peon |
| 0:50 | Barracks |
| 1:07 | Peon |
| 1:07 | Peon |
| 1:27 | Voodoo Lounge |
| 1:38 | Orc Burrow |
| 1:47 | Peon |
| 1:51 | Grunt |
| 2:12 | War Mill |
| 2:18 | Peon |
| 2:26 | Peon |
| 2:37 | Healing Salve |
| 2:41 | Wind Walk |
| 3:02 | Grunt |
| 3:09 | Stronghold |
| 3:34 | Circlet of Nobility |
| 3:43 | Troll Headhunter |
| 3:55 | Troll Headhunter |
| 4:10 | Troll Headhunter |
| 4:14 | Spiked Barricades |
| 4:39 | Troll Headhunter |
| 4:41 | Orc Burrow |
| 5:09 | Critical Strike |
| 5:24 | Troll Headhunter |
| 5:36 | Healing Salve |
| 5:44 | Reinforced Defenses |
| 5:59 | Troll Regeneration |
| 6:13 | Watch Tower |
| 6:40 | Critical Strike |
| 6:47 | Great Hall |
| 6:53 | Healing Wave |
| 7:10 | Steel Armor |
| 7:12 | Orc Burrow |
| 7:22 | Watch Tower |
| 7:38 | Troll Headhunter |
| 7:58 | Fortress |
| 8:12 | Healing Salve |
| 8:24 | Troll Headhunter |
| 8:29 | Hex |
| 8:55 | Watch Tower |
| 8:59 | Spirit Lodge |
| 9:02 | Troll Headhunter |
| 9:04 | Steel Ranged Weapons |
| 9:33 | Watch Tower |
| 10:04 | Watch Tower |
| 10:06 | Watch Tower |
| 10:13 | Scroll of Town Portal |
| 10:14 | Lesser Clarity Potion |
| 10:30 | Peon |
| 11:04 | Peon |
| 11:04 | Peon |
| 11:05 | Peon |
| 11:31 | Healing Wave |
| Right click | 673 |
| Select | 245 |
| Select group | 143 |
| Build/train/purchase | 59 |
| Use ability | 33 |
| Assign group | 14 |
| Misc. action | 5 |
| Item give/drop | 4 |
| Remove unit | 1 |

| Scroll of Regeneration | 1 | 100 |
| Scroll of Speed | 1 | 50 |
| total: | 2 | 150g |
| Peasant | 9 | 675 | / | 0 |
| Footman | 8 | 1080 | / | 0 |
| Mortar Team | 5 | 900 | / | 350 |
| Goblin Shredder | 1 | 375 | / | 100 |
| total: | 23 | 3030g | / | 450w |
| Scout Tower | 5 | 150 | / | 100 |
| Guard Tower | 4 | 280 | / | 200 |
| Altar of Kings | 1 | 180 | / | 50 |
| Farm | 9 | 720 | / | 180 |
| Barracks | 1 | 160 | / | 60 |
| Arcane Vault | 1 | 130 | / | 30 |
| Lumber Mill | 1 | 120 | / | 0 |
| Blacksmith | 1 | 140 | / | 60 |
| Town Hall | 2 | 770 | / | 410 |
| Workshop | 2 | 280 | / | 280 |
| Keep | 1 | 320 | / | 210 |
| Castle | 1 | 360 | / | 210 |
| total: | 23 | 2650g | / | 1170w |
| 0:02 | Peasant |
| 0:02 | Peasant |
| 0:03 | Peasant |
| 0:20 | Altar of Kings |
| 0:34 | Farm |
| 0:47 | Peasant |
| 0:50 | Barracks |
| 0:54 | Peasant |
| 1:15 | Farm |
| 1:46 | Peasant |
| 1:46 | Peasant |
| 1:47 | Peasant |
| 1:53 | Arcane Vault |
| 1:55 | Footman |
| 2:09 | Farm |
| 2:19 | Footman |
| 2:22 | Summon Water Elemental |
| 2:43 | Footman |
| 2:44 | Footman |
| 2:57 | Farm |
| 3:28 | Keep |
| 3:30 | Footman |
| 3:53 | Farm |
| 3:54 | Scroll of Regeneration |
| 4:04 | Footman |
| 4:35 | Farm |
| 5:38 | Brilliance Aura |
| 5:51 | Castle |
| 5:54 | Lumber Mill |
| 6:39 | Blacksmith |
| 6:46 | Summon Water Elemental |
| 7:11 | Goblin Shredder |
| 7:30 | Improved Masonry |
| 7:38 | Town Hall |
| 7:39 | Scout Tower |
| 7:46 | Footman |
| 7:46 | Footman |
| 7:57 | Workshop |
| 8:02 | Town Hall |
| 8:05 | Scout Tower |
| 8:07 | Scout Tower |
| 8:09 | Scout Tower |
| 8:12 | Black Gunpowder |
| 8:32 | Guard Tower |
| 8:34 | Guard Tower |
| 8:36 | Scout Tower |
| 8:38 | Guard Tower |
| 9:13 | Workshop |
| 9:16 | Guard Tower |
| 9:56 | Fragmentation Shards |
| 9:56 | Mortar Team |
| 9:56 | Mortar Team |
| 10:02 | Peasant |
| 10:12 | Advanced Masonry |
| 10:18 | Farm |
| 10:19 | Mortar Team |
| 10:20 | Mortar Team |
| 10:26 | Scroll of Speed |
| 11:10 | Farm |
| 11:14 | Farm |
| 11:19 | Mortar Team |
| Right click | 437 |
| Select | 194 |
| Build/train/purchase | 48 |
| Minimap ping | 2 |
| Use ability | 1 |


| Scroll of Regeneration | 1 | 100 |
| Boots of Speed | 2 | 500 |
| total: | 3 | 600g |
| Peasant | 18 | 1350 | / | 0 |
| Rifleman | 9 | 1845 | / | 270 |
| total: | 27 | 3195g | / | 270w |
| Scout Tower | 9 | 270 | / | 180 |
| Arcane Tower | 1 | 70 | / | 50 |
| Guard Tower | 5 | 350 | / | 250 |
| Blacksmith | 1 | 140 | / | 60 |
| Barracks | 1 | 160 | / | 60 |
| Farm | 8 | 640 | / | 160 |
| Altar of Kings | 1 | 180 | / | 50 |
| Lumber Mill | 1 | 120 | / | 0 |
| Arcane Vault | 1 | 130 | / | 30 |
| Town Hall | 1 | 385 | / | 205 |
| Keep | 1 | 320 | / | 210 |
| Castle | 1 | 360 | / | 210 |
| total: | 23 | 2025g | / | 745w |
| 0:02 | Peasant |
| 0:02 | Peasant |
| 0:02 | Peasant |
| 0:15 | Peasant |
| 0:15 | Peasant |
| 0:15 | Peasant |
| 0:15 | Peasant |
| 0:48 | Blacksmith |
| 0:53 | Barracks |
| 0:58 | Farm |
| 1:04 | Altar of Kings |
| 1:15 | Peasant |
| 1:16 | Peasant |
| 1:28 | Farm |
| 1:32 | Peasant |
| 1:48 | Peasant |
| 2:01 | Rifleman |
| 2:23 | Farm |
| 2:28 | Farm |
| 2:31 | Rifleman |
| 2:40 | Black Gunpowder |
| 3:02 | Rifleman |
| 3:07 | Peasant |
| 3:07 | Peasant |
| 3:13 | Storm Bolt |
| 3:30 | Peasant |
| 3:30 | Peasant |
| 3:34 | Scout Tower |
| 3:46 | Rifleman |
| 4:14 | Arcane Tower |
| 4:20 | Peasant |
| 4:20 | Peasant |
| 4:20 | Peasant |
| 4:40 | Keep |
| 5:09 | Bash |
| 5:36 | Studded Leather Armor |
| 5:42 | Lumber Mill |
| 5:44 | Farm |
| 5:45 | Farm |
| 5:49 | Farm |
| 5:51 | Arcane Vault |
| 6:10 | Storm Bolt |
| 6:37 | Rifleman |
| 6:51 | Scout Tower |
| 6:53 | Scout Tower |
| 6:54 | Scout Tower |
| 7:00 | Improved Lumber Harvesting |
| 7:11 | Long Rifles |
| 7:15 | Farm |
| 7:52 | Guard Tower |
| 8:00 | Town Hall |
| 8:15 | Guard Tower |
| 8:17 | Scout Tower |
| 8:25 | Scroll of Regeneration |
| 8:44 | Guard Tower |
| 8:58 | Scout Tower |
| 9:00 | Scout Tower |
| 9:01 | Scout Tower |
| 9:04 | Scout Tower |
| 9:23 | Holy Light |
| 9:43 | Rifleman |
| 9:44 | Refined Gunpowder |
| 10:11 | Rifleman |
| 10:13 | Reinforced Leather Armor |
| 10:15 | Castle |
| 10:17 | Advanced Lumber Harvesting |
| 10:23 | Bash |
| 10:37 | Boots of Speed |
| 10:45 | Boots of Speed |
| 11:38 | Rifleman |
| 11:38 | Rifleman |
| 11:40 | Guard Tower |
| Right click | 441 |
| Select | 210 |
| Select group | 189 |
| Misc. action | 117 |
| Build/train/purchase | 66 |
| Use ability | 31 |
| Assign group | 28 |
| Minimap ping | 6 |
| Esc | 4 |
| Item give/drop | 1 |


| Healing Salve | 7 | 700 |
| Scroll of Speed | 1 | 50 |
| Lesser Clarity Potion | 3 | 210 |
| Potion of Healing | 1 | 150 |
| total: | 12 | 1110g |
| Peon | 16 | 1200 | / | 0 |
| Grunt | 6 | 1200 | / | 0 |
| Raider | 5 | 900 | / | 200 |
| Goblin Shredder | 2 | 750 | / | 200 |
| total: | 29 | 4050g | / | 400w |
| Altar of Storms | 1 | 180 | / | 50 |
| Orc Burrow | 4 | 640 | / | 160 |
| Barracks | 1 | 180 | / | 50 |
| Voodoo Lounge | 1 | 130 | / | 30 |
| Great Hall | 1 | 385 | / | 185 |
| Beastiary | 2 | 290 | / | 280 |
| Stronghold | 2 | 630 | / | 380 |
| total: | 10 | 1805g | / | 755w |
| 0:03 | Peon |
| 0:03 | Peon |
| 0:04 | Peon |
| 0:07 | Altar of Storms |
| 0:20 | Orc Burrow |
| 0:27 | Peon |
| 0:38 | Barracks |
| 0:44 | Peon |
| 0:44 | Peon |
| 0:54 | Peon |
| 0:54 | Peon |
| 1:03 | Peon |
| 1:03 | Peon |
| 1:13 | Peon |
| 1:26 | Orc Burrow |
| 1:33 | Peon |
| 1:38 | Grunt |
| 1:38 | Grunt |
| 1:50 | Voodoo Lounge |
| 1:58 | Peon |
| 1:59 | Peon |
| 2:12 | Critical Strike |
| 2:18 | Grunt |
| 2:18 | Grunt |
| 2:26 | Peon |
| 2:26 | Peon |
| 3:03 | Stronghold |
| 3:09 | Healing Salve |
| 3:09 | Healing Salve |
| 3:46 | Grunt |
| 3:59 | Healing Salve |
| 3:59 | Healing Salve |
| 4:11 | Orc Burrow |
| 4:44 | Great Hall |
| 4:50 | Wind Walk |
| 4:58 | Wind Walk |
| 5:17 | Healing Salve |
| 5:17 | Healing Salve |
| 5:57 | Goblin Shredder |
| 5:57 | Goblin Shredder |
| 6:19 | Beastiary |
| 6:22 | Beastiary |
| 6:32 | Healing Salve |
| 6:39 | Scroll of Speed |
| 6:45 | Lesser Clarity Potion |
| 6:45 | Lesser Clarity Potion |
| 6:45 | Lesser Clarity Potion |
| 7:19 | Hex |
| 7:19 | Hex |
| 7:26 | Orc Burrow |
| 7:33 | Raider |
| 7:45 | Ensnare |
| 7:47 | Pillage |
| 8:24 | Raider |
| 9:26 | Raider |
| 10:00 | Raider |
| 10:01 | Grunt |
| 10:03 | Potion of Healing |
| 10:26 | Raider |
| Right click | 569 |
| Select group | 216 |
| Select | 215 |
| Build/train/purchase | 71 |
| Assign group | 35 |
| Misc. action | 34 |
| Use ability | 31 |
| Esc | 4 |
| Chat | 4 |
| Item give/drop | 2 |
⇛